 Dungeon Crawl Stone Soup version 0.26-a0-707-g31817bcca1 (webtiles) character file.

Game seed: 11733647029312309900

7 McSplat the Stinger (level 1, 0/13 HPs)
             Began as a Demonspawn Venom Mage on Oct 26, 2020.
             Killed from afar by a white imp (6 damage)
             ... with a puff of frost
             ... on level 2 of the Dungeon.
             The game lasted 00:02:17 (556 turns).

McSplat the Stinger (Demonspawn Venom Mage)          Turns: 556, Time: 00:02:18

Health: 0/13       AC:  2    Str:  8    XL:     1   Next: 83%
Magic:  3/3        EV: 12    Int: 16    God:
Gold:   70         SH:  0    Dex: 13    Spells: 3/4 levels left

rFire    . . .     SeeInvis .   g - +0 spear
rCold    . . .     Faith    .   (no shield)
rNeg     . . .     Spirit   .   a - +0 robe
rPois    .         Reflect  .   (no helmet)
rElec    .         Harm     .   (no cloak)
rCorr    .         Rampage  .   (no gloves)
MR       .....                  (no boots)
Stlth    ++........             (no amulet)
HPRegen  0.04/turn              (no ring)
MPRegen  0.08/turn              (no ring)

@: no status effects
A: no striking features
a: no special abilities


You were on level 2 of the Dungeon.
You visited 1 branch of the dungeon, and saw 2 of its levels.

You collected 70 gold pieces.

Inventory:

Hand Weapons
 g - a +0 spear (weapon)
Armour
 a - a +0 robe (worn)
Scrolls
 b - 2 scrolls of identify
 d - a scroll of teleportation
 h - a scroll of remove curse {unknown}
Potions
 c - a potion of curing
 e - a potion of resistance
 f - a potion of mutation


   Skills:
 - Level 1.7 Dodging
 - Level 1.7 Stealth
 + Level 2.1 Spellcasting
 + Level 1.2 Transmutations
 + Level 3.1 Poison Magic


You had 3 spell levels left.
You knew the following spells:

 Your Spells              Type           Power        Failure   Level
a - Sting                 Tmut/Pois      #...         9%          1

Your spell library contained the following spells:

 Spells                   Type           Power        Failure   Level
 Poisonous Vapours        Pois/Air       #.....       16%         2
 Ignite Poison            Fire/Tmut/Pois #.......     32%         3
 Mephitic Cloud           Conj/Pois/Air  #.......     36%         3
 Olgreb's Toxic Radiance  Pois           ##......     50%         4


Dungeon Overview and Level Annotations

Branches:
Dungeon (2/15)

Altars:


Message History

Found a short sword.
b - 2 scrolls of identify (gained 1)
You now have 70 gold pieces (gained 12).
A white imp comes into view.
Press: ? - help, . - travel You can't see that place.
You can't see any item there.
Unknown command.
Unknown command.
Unknown command.
You see here a scroll labeled TEOTZA DAPHEYFA.
h - a scroll labeled TEOTZA DAPHEYFA The white imp shouts!
The white imp gestures at you. The puff of frost hits you!
Ouch! That really hurt!
An adder zombie comes into view.
The white imp gestures at you. The puff of frost hits you.
You die...

##...# ).#.# #.....
...## ...... (.. .....
#. #.# ...# #.# #.# ...#
#.# ##.########...#
#.####.............#
#..............@...#
#.####..######.....#
#.####.............#
#....................
#.####.##..##.......5.#
#.# ..............Z..#
##.###..##..####....####
#..<.[........ .....#
#.####.##.....


You could see a white imp and an adder zombie (wandering).

Vanquished Creatures
  An ooze (D:1)
  2 bats (D:1)
  A kobold (D:1)
4 creatures vanquished.

Notes
Turn   | Place    | Note
-------+----------+-------------------------------------------
     0 | D:1      | McSplat the Demonspawn Venom Mage began the quest for the
                  | Orb.
     0 | D:1      | Reached XP level 1. HP: 13/13 MP: 3/3
    93 | D:1      | Reached skill level 1 in Transmutations
   556 | D:2      | Killed from afar by a white imp

Illustrated notes

Levels and vault maps discovered:
D:1:      psy_arrival_basics, layout_rooms
D:2:      layout_loops_ring

Skill      XL: |  1 |
---------------+----+-----
Transmutations | 1 |  1.2
Dodging        | |  1.7
Stealth        | |  1.7
Spellcasting   | |  2.1
Poison Magic   | |  3.1

Action                   || total
-------------------------++-------
Melee: Unarmed           ||     1
 Cast: Sting             ||     6
  Use: Scroll            ||     4
Armor: Robe              ||     1

Table legend: (Time is in decaauts)
 A = Elapsed time spent in this place.
 B = Non-inter-level travel time spent in this place.
 C = Inter-level travel time spent in this place.
 D = Time resting spent in this place.
 E = Time spent auto-exploring this place.
 F = Levels seen in this place.
 G = Mean time per level.
                   A        B        C        D        E       F      G
               +--------+--------+--------+--------+--------+-----+--------+
         Total |    555 |    539 |     16 |     63 |    425 |   2 |  277.5 |
       Dungeon |    555 |    539 |     16 |     63 |    425 |   2 |  277.5 |
               +--------+--------+--------+--------+--------+-----+--------+

Top non-repeatable levels by time:
     D:1: 526 daAuts
     D:2: 28 daAuts
